 Dungeon Crawl Stone Soup version 0.32-a0-814-g0968bab981 (webtiles) character file.

Game seed: 5991876690230339370

38 retardedninja the Trooper (level 3, 0/29 HPs)
             Began as a Coglin Fighter on Mar 22, 2024.
             Slain by Terence
             ... wielding a +0 hand axe
              (3 damage)
             ... on level 2 of the Dungeon.
             The game lasted 00:01:19 (666 turns).

retardedninja the Trooper (Coglin Fighter)           Turns: 666, Time: 00:01:23

Health: 0/29       AC:  6    Str: 18    XL:     3   Next: 43%
Magic:  3/3        EV:  8    Int:  7    God:
Gold:   59         SH:  0    Dex: 13    Spells: 2/2 levels left

rFire   . . .        a - +0 war axe {Bianca}
rCold   . . .        h - +0 long sword {Arammadara}
rNeg    . . .        b - +0 scale mail
rPois   .            (no helmet)
rElec   .            (no cloak)
rCorr   .            (no gloves)
SInv    .            (no boots)
Will    .....        (amulet unavailable) Stlth
                     (ring unavailable)
HPRegen 0.24/turn    (ring unavailable)
MPRegen 0.08/turn    (no gizmo)

%: no passive effects
@: lethally poisoned (0 -> -6), revved
A: off-hand wielding, slow wielding, warmup strikes, no jewellery
a: Invent Gizmo


You were on level 2 of the Dungeon.
You visited 1 branch of the dungeon, and saw 2 of its levels.

You collected 59 gold pieces.

Inventory:

Hand Weapons
 a - a +0 war axe (weapon) {Bianca}
 h - a +0 long sword (offhand) {Arammadara}
Armour
 b - a +0 scale mail (worn)
Scrolls
 e - a scroll of teleportation {unknown}
 f - a scroll of amnesia {unknown}
 g - a scroll of torment {unknown}
Potions
 c - a potion of lignification {unknown}
 d - a potion of might


   Skills:
 * Level 3.5 Fighting
 * Level 2.6 Axes
 + Level 3.0 Armour
 - Level 2.3 Shields


You had 2 spell levels left.
You didn't know any spells.
Your spell library was empty.

Dungeon Overview and Level Annotations

Branches:
Dungeon (2/15)

Altars:

Annotations:
D:2 Terence


Innate Abilities, Weirdness & Mutations

You can wield a second weapon in your off-hand.
It takes a long time for you to wield or remove held weapons.
Your first few attacks do less damage.
You cannot equip rings or amulets.


Message History

Terence hits you with a +0 hand axe. The adder barely misses you.
You slash Terence with your +0 war axe!
Terence is severely wounded.
You closely miss the adder with your +0 war axe.
You closely miss the hobgoblin with your +0 war axe.
You closely miss Terence with your +0 long sword.
The adder bites you but does no damage. Terence hits you with a +0 hand axe.
The hobgoblin hits you. The adder bites you but does no damage.
You barely miss Terence with your +0 war axe.
Terence is severely wounded.
You barely miss the hobgoblin with your +0 war axe.
You barely miss the adder with your +0 war axe.
You barely miss Terence with your +0 long sword.
Terence hits you but does no damage.
The hobgoblin hits you but does no damage.
The adder bites you but does no damage. The hobgoblin hits you.
Terence hits you but does no damage.
You hit Terence but do no damage.
Terence is severely wounded.
You barely miss Terence with your +0 war axe.
You closely miss the hobgoblin with your +0 war axe.
You miss the adder with your +0 war axe.
The adder bites you but does no damage.
The hobgoblin hits you but does no damage.
Terence hits you with a +0 hand axe.
* * * LOW HITPOINT WARNING * * *
The adder bites you but does no damage.
You barely miss Terence with your +0 war axe.
Terence is severely wounded.
You hit the hobgoblin with your +0 war axe.
You kill the hobgoblin!
You barely miss the adder with your +0 war axe.
You hit Terence but do no damage. The adder bites you.
* * * LOW HITPOINT WARNING * * *
You are poisoned.
The adder poisons you! Terence hits you with a +0 hand axe.
* * * LOW HITPOINT WARNING * * *
The adder barely misses you. Terence hits you with a +0 hand axe.
You die...
Terence says, "Rest in peace."

....... .......
#...... #......
#......###
#........#
#.....S@.#
#......@.#
#........#
######...#######
#...##....#
#...##....###
#####...##......#
........##....#.#
........##.####.#
### ........##.#
#.###.#


You could see Terence and an adder.

Vanquished Creatures
  An adder (D:2)
  A dart slug (D:1)
  An endoplasm (D:1)
  A giant cockroach (D:1)
  2 hobgoblins
  6 jackals (D:1)
  2 quokkas (D:1)
  A frilled lizard (D:2)
  2 goblins (D:1)
  4 kobolds (D:1)
  4 rats
25 creatures vanquished.

Notes
Turn   | Place    | Note
-------+----------+-------------------------------------------
     0 | D:1      | retardedninja the Coglin Fighter began the quest for the
                  | Orb.
     0 | D:1      | Reached XP level 1. HP: 18/18 MP: 1/1
    51 | D:1      | Reached XP level 2. HP: 24/24 MP: 2/2
   238 | D:1      | Found a faded altar of an unknown god.
   245 | D:1      | Reached XP level 3. HP: 29/29 MP: 3/3
   657 | D:2      | Noticed Terence
   666 | D:2      | Slain by Terence

Illustrated notes

Levels and vault maps discovered:
D:1:      scummos_arrival_star, layout_rooms,
          hellmonk_ecumenical_altar_leap_of_faith
D:2:      layout_basic, uniq_terence

Skill      XL: |  1  2  3 |
---------------+----------+-----
Armour         | 3 |  3.0
Fighting       | |  3.5
Axes           | |  2.6
Shields        | |  2.3

Action                     || total
---------------------------++-------
  Melee: War axe           ||    57
         Long sword        ||    11
 Armour: Scale mail        ||    61
  Dodge: Dodged            ||    23
  Block: Buckler           ||    12

Table legend: (Time is in decaauts)
 A = Elapsed time spent in this place.
 B = Non-inter-level travel time spent in this place.
 C = Inter-level travel time spent in this place.
 D = Time resting spent in this place.
 E = Time spent auto-exploring this place.
 F = Levels seen in this place.
 G = Mean time per level.
                   A        B        C        D        E       F      G
               +--------+--------+--------+--------+--------+-----+--------+
         Total |    688 |    632 |     56 |      0 |    485 |   2 |  344.0 |
       Dungeon |    688 |    632 |     56 |      0 |    485 |   2 |  344.0 |
               +--------+--------+--------+--------+--------+-----+--------+

Top non-repeatable levels by time:
     D:1: 614 daAuts
     D:2: 74 daAuts
